 Dungeon Crawl Stone Soup version 0.31-a0-233-g139696dc86 (webtiles) character file.

Game seed: 9892446299682211940

11 qw the Shooter (level 2, 0/23 HPs)
             Began as a Minotaur Hexslinger on July 7, 2023.
             Succumbed to a goblin's poison
             ... on level 1 of the Dungeon.
             The game lasted 00:00:08 (301 turns).

qw the Shooter (Minotaur Hexslinger)                 Turns: 301, Time: 00:00:08

Health: 0/23       AC:  2    Str: 12    XL:     2   Next: 13%
Magic:  2/2        EV: 12    Int: 10    God:
Gold:   32         SH:  0    Dex: 12    Spells: 2/3 levels left

rFire   . . .        a - +1 sling
rCold   . . .        (no shield)
rNeg    . . .        c - +0 robe
rPois   .            (helmet restricted)
rElec   .            (no cloak)
rCorr   .            (no gloves)
SInv    .            (no boots)
Will    .....        (no amulet)
Stlth   +            (no ring)
HPRegen 0.23/turn    (no ring)
MPRegen 0.08/turn

%: no passive effects
@: lethally poisoned (0 -> -4)
A: horns 2, retaliatory headbutt
a: no special abilities


You were on level 1 of the Dungeon.
You visited 1 branch of the dungeon, and saw 1 of its levels.

You collected 32 gold pieces.


Innate Abilities, Weirdness & Mutations

You have a pair of horns on your head.
You reflexively headbutt those who attack you in melee.


   Skills:
 + Level 1.6 Fighting
 - Level 3.0 Ranged Weapons
 - Level 2.1 Dodging
 - Level 1.0 Spellcasting
 - Level 2.0 Hexes


You had 2 spell levels left.
You knew the following spells:

 Your Spells              Type           Power      Damage    Failure   Level
a - Slow                  Hex            16%        N/A       16%         1

Your spell library contained the following spells:

 Spells                   Type           Power      Damage    Failure   Level
 Inner Flame              Hex/Fire       2%         N/A       56%         3
 Portal Projectile        Hex/Tloc       4%         N/A       56%         3
 Cause Fear               Hex            2%         N/A       83%         4

Inventory:

Hand Weapons
 a - a +1 sling (weapon)
Armour
 c - a +0 robe (worn)
 d - a +0 ring mail
Scrolls
 b - a scroll of poison
Potions
 e - a potion of ambrosia {unknown}
 f - a potion of invisibility {unknown}
 g - a potion of resistance {unknown}

Dungeon Overview and Level Annotations

Branches:
Dungeon (1/15)

Altars:

Shops:
D:1 ![


Message History

You shoot a sling bullet.
The sling bullet completely misses the hobgoblin.
The sling bullet closely misses the goblin.
You shoot a sling bullet.
The sling bullet closely misses the hobgoblin.
The sling bullet hits the goblin.
The goblin is severely wounded.
You shoot a sling bullet. The sling bullet hits the hobgoblin.
You kill the hobgoblin!
You shoot a sling bullet.
The sling bullet closely misses the goblin.
You shoot a sling bullet.
The sling bullet barely misses the goblin.
You shoot a sling bullet.
The sling bullet closely misses the goblin.
The goblin closely misses you.
The goblin hits you with a +0 dagger of venom.
You are poisoned.
You shoot a sling bullet.
The sling bullet completely misses the goblin.
You feel very sick. The goblin hits you but does no damage.
You shoot a sling bullet.
The sling bullet closely misses the goblin.
You feel sick.
The goblin hits you with a +0 dagger of venom.
You are lethally poisoned!
You shoot a sling bullet. The sling bullet hits the goblin.
You kill the goblin!
You feel very sick.
There is a lethal amount of poison in your body!
You feel very sick.
There is a lethal amount of poison in your body!
You feel sick.
There is a lethal amount of poison in your body!
You feel sick.
There is a lethal amount of poison in your body!
You feel sick.
There is a lethal amount of poison in your body!
You die...

#.......# #.#
#.......# #.#
#.......#####.###
#....~..##......#
#...~~~.##.##.#.# .
###~~~~..~..#.#
...###....~~~~~~...#
#.......####..~~~.#
#%)@....#......#
......##.##.##.##.##
##.#####.##.......#
#.............####
###############


There were no monsters in sight!

Vanquished Creatures
  A giant cockroach (D:1)
  A goblin (D:1)
  A hobgoblin (D:1)
  A kobold (D:1)
  2 quokkas (D:1)
  A ball python (D:1)
  A bat (D:1)
  A frilled lizard (D:1)
  A rat (D:1)
10 creatures vanquished.

Notes
Turn   | Place    | Note
-------+----------+-------------------------------------------
     0 | D:1      | qw the Minotaur Hexslinger began the quest for the Orb.
     0 | D:1      | Reached XP level 1. HP: 16/16 MP: 1/1
     0 | D:1      | 0 ||| qw: Version: 0.3-a-46-gb1f654a
     0 | D:1      | 0 ||| qw: Game counter: 3245
     0 | D:1      | 0 ||| qw: Melee chars always use a shield: true
     0 | D:1      | 0 ||| qw: God list: Okawaru
     0 | D:1      | 0 ||| qw: Allow faded altars: false
     0 | D:1      | 0 ||| qw: Do Orc after clearing Dungeon:15 true
     0 | D:1      | 0 ||| qw: Do second Lair branch before Depths: true
     0 | D:1      | 0 ||| qw: Lair rune preference: random
     0 | D:1      | 0 ||| qw: Goals: Normal
     0 | D:1      | 0 ||| PLANNING D:1-11
   118 | D:1      | Found Boilasosh's Armour Boutique.
   130 | D:1      | 130 ||| SHOPLISTING +0 cloak (63 gold, have 18).
   130 | D:1      | 130 ||| SHOPLISTING +0 leather armour "Vuebb" {rF- Int+10
                  | Dex+2 Stlth-} (361 gold, have 18).
   130 | D:1      | 130 ||| SHOPLISTING +3 leather armour of willpower (336
                  | gold, have 18).
   152 | D:1      | Found Moinabur's Distillery.
   155 | D:1      | 155 ||| SHOPLISTING potion of curing (30 gold, have 18).
   155 | D:1      | 155 ||| SHOPLISTING potion of enlightenment (50 gold, have
                  | 18).
   155 | D:1      | 155 ||| SHOPLISTING potion of heal wounds (50 gold, have
                  | 18).
   155 | D:1      | 155 ||| SHOPLISTING potion of might (40 gold, have 18).
   155 | D:1      | 155 ||| SHOPLISTING potion of mutation (80 gold, have 18).
   155 | D:1      | 155 ||| SHOPLISTING potion of resistance (100 gold, have
                  | 18).
   198 | D:1      | Reached skill level 3 in Ranged Weapons
   231 | D:1      | Reached XP level 2. HP: 23/23 MP: 2/2
   298 | D:1      | HP: 4/23 [poisoned by a goblin]
   300 | D:1      | HP: 1/23 [poisoned by a goblin]
   301 | D:1      | Succumbed to a goblin's poison

Levels and vault maps discovered:
D:1:      dpeg_arrival_short_road, layout_loops_cross, serial_shops,
          nicolae_shop_behind_doors, nicolae_shop_tiny_real_fake_doors, shop,
          shop, nicolae_shop_back_alley_shop, chequers_serial_rivers_small_a

Skill      XL: |  1 |
---------------+----+-----
Ranged Weapons | 3 |  3.0
Fighting       | |  1.6
Dodging        | |  2.1
Spellcasting   | |  1.0
Hexes          | |  2.0

Action                     || total
---------------------------++-------
   Fire: Sling             ||    34
 Armour: Robe              ||     3
  Dodge: Dodged            ||     5

Table legend:
 A = Non-vault XP
 B = Vault XP
 C = Vault XP percentage of total XP
 D = Non-vault monster count
 E = Vault monster count
 F = Vault count percentage of total count
                 A         B        C        D         E       F
            +---------+---------+-------+---------+---------+-------
      Total |      16 |       0 |   0.0 |      10 |       0 |   0.0
            +---------+---------+-------+---------+---------+-------
        D:1 |      16 |       0 |   0.0 |      10 |       0 |   0.0
            +---------+---------+-------+---------+---------+-------
